 Dungeon Crawl Stone Soup version 0.31.0-1-g2c135a008e (webtiles) character file.

Game seed: 11118529604821605460

155 qw the Shooter (level 5, -1/40 HPs)
             Began as a Djinni Hunter on Jan 23, 2024.
             Slain by Edmund
             ... wielding a +0 flail of draining
              (5 damage)
             ... on level 4 of the Dungeon.
             The game lasted 00:00:10 (2600 turns).

qw the Shooter (Djinni Hunter)                      Turns: 2600, Time: 00:00:11

Health: -1/40      AC:  5    Str: 10    XL:     5   Next: 63%
Gold:   7          EV: 11    Int: 10    God:
                   SH:  0    Dex: 19

rFire   + + .        a - +1 shortbow
rCold   x . .        (shield currently unavailable)
rNeg    . . .        g - +0 ring mail
rPois   inf          (no helmet)
rElec   .            (no cloak)
rCorr   .            (no gloves)
SInv    .            (boots unavailable)
Will    .....        (no amulet)
Stlth   +            (no ring)
HPRegen 1.06/turn    (no ring)
MPRegen 0.00/turn

%: infuse magic (-2 HP)
@: about to teleport, flying
A: sickness immunity, fire resistance 2, cold vulnerability 1, float, innate
caster, HP casting, extra vitality 1, regeneration 1
a: no special abilities


You were on level 4 of the Dungeon.
You visited 1 branch of the dungeon, and saw 4 of its levels.

You collected 143 gold pieces.
You spent 136 gold pieces at shops.


Innate Abilities, Weirdness & Mutations

You are immune to sickness and miasma.
You are immune to poison.
Your flesh is very heat resistant. (rF++)
You are vulnerable to cold. (rC-)
You float through the air rather than walking.
You learn spells naturally, not from books.
Your magical power is your life essence.
You have superior vitality. (+4 MHP)
Your natural rate of healing is unusually fast.


   Skills:
 - Level 3.1 Fighting
 + Level 4.8 Ranged Weapons
 - Level 1.0 Armour
 - Level 2.1 Dodging
 - Level 0.7 Stealth


You knew the following spells:

 Your Spells              Type           Power      Damage    Failure   Level
a - Apportation           Tloc           0%         N/A       67%         1
b - Jinxbite              Hex            0%         N/A       82%         2
Your spell library was empty.

Inventory:

Hand Weapons
 a - a +1 shortbow (weapon)
Armour
 g - a +0 ring mail (worn)
Scrolls
 h - a scroll of identify
 k - 2 scrolls of enchant armour
Potions
 b - a potion of resistance
 c - a potion of magic {unknown}
 d - a potion of enlightenment
 f - a potion of curing
 i - 2 potions of heal wounds {unknown}

Dungeon Overview and Level Annotations

Branches:
Dungeon (4/15)
 Temple: D:4-7

Altars:
Cheibriados

Shops:
D:2 *(   D:4 *

Annotations:
D:1 2 runed translucent doors
D:4 Edmund


Message History

Edmund hits you with a +0 flail of draining!
You shoot an arrow. The arrow hits Edmund.
Edmund is heavily wounded.
Edmund hits you but does no damage.
You shoot an arrow.
The arrow hits Edmund but does no damage.
Edmund is heavily wounded.
Edmund closely misses you.
Edmund hits you with a +0 flail of draining!
You shoot an arrow.
The arrow hits Edmund but does no damage.
Edmund is heavily wounded.
Edmund barely misses you.
You shoot an arrow.
The arrow hits Edmund but does no damage.
Edmund is heavily wounded.
Edmund closely misses you.
You shoot an arrow. The arrow hits Edmund.
Edmund is heavily wounded.
Edmund barely misses you.
Edmund hits you with a +0 flail of draining.
You shoot an arrow.
The arrow hits Edmund but does no damage.
Edmund is heavily wounded.
Edmund hits you with a +0 flail of draining.
You shoot an arrow. The arrow hits Edmund!
Edmund is severely wounded.
Edmund hits you with a +0 flail of draining.
2598 ||| READING scroll of teleportation.
As you read the scroll of teleportation, it crumbles to dust.
You feel strangely unstable.
Edmund hits you with a +0 flail of draining!
You shoot an arrow. The arrow completely misses Edmund.
Edmund says, "People think my brother is the best.
I think he's crazy."
Edmund barely misses you.
You shoot an arrow. The arrow hits Edmund!
Edmund is almost dead.
Edmund hits you with a +0 flail of draining.
You die...
Edmund whines, "They better pay attention to me now!"

###### ....%.
#######......
#............
#............
#.......$....
#..).@@......
+............
#........$/..
#............
#.########### ######
#...........#####....#
+...............#.##.#
#.................##.#
#.................##.#


You could see Edmund.

Vanquished Creatures
  A bombardier beetle (D:4)
  A sleepcap (D:4)
  A gnoll (D:1)
  2 adders
  A ribbon worm (D:3)
  An orc (D:2)
  4 endoplasms
  5 giant cockroaches
  7 goblins
  5 hobgoblins
  4 jackals (D:2)
  6 quokkas
  8 ball pythons
  4 bats
  A frilled lizard (D:1)
  7 kobolds (D:1)
  7 rats
65 creatures vanquished.

Notes
Turn   | Place    | Note
-------+----------+-------------------------------------------
     0 | D:1      | qw the Djinni Hunter began the quest for the Orb.
     0 | D:1      | Reached XP level 1. HP: 18/18 MP: 0/0
     0 | D:1      | 0 ||| qw: Version: 0.3-a-135-gb77e89d
     0 | D:1      | 0 ||| qw: Game counter: 858
     0 | D:1      | 0 ||| qw: Melee chars always use a shield: true
     0 | D:1      | 0 ||| qw: God list: Okawaru
     0 | D:1      | 0 ||| qw: Allow faded altars: false
     0 | D:1      | 0 ||| qw: Do Orc after clearing Dungeon:15 true
     0 | D:1      | 0 ||| qw: Do second Lair branch before Depths: true
     0 | D:1      | 0 ||| qw: Lair rune preference: random
     0 | D:1      | 0 ||| qw: Goals: Normal
     0 | D:1      | 0 ||| PLANNING D:1-11
    59 | D:1      | Found a large runed translucent door.
    59 | D:1      | Found a large runed translucent door.
    75 | D:1      | Reached XP level 2. HP: 23/23 MP: 0/0
   276 | D:1      | Reached XP level 3. HP: 28/28 MP: 0/0
   276 | D:1      | Learned a level 1 spell: Apportation
   296 | D:1      | Reached skill level 4 in Ranged Weapons
   836 | D:1      | 836 ||| UPGRADING to +0 ring mail.
   846 | D:1      | 846 ||| DROPPING +0 leather armour.
   847 | D:1      | 847 ||| DROPPING ring of wizardry.
   848 | D:1      | 848 ||| READING scroll labelled XURIF PIHOLIY.
   849 | D:1      | 849 ||| READING scroll labelled HOQITR FECUSATE.
   849 | D:1      | 849 ||| IDENTIFYING scroll labelled NAISTEHITE
   850 | D:1      | 850 ||| READING scroll labelled MOFU ULEONAITO.
   851 | D:1      | 851 ||| DROPPING scroll of butterflies.
   852 | D:1      | 852 ||| DROPPING scroll of vulnerability.
  1158 | D:2      | Reached XP level 4. HP: 34/34 MP: 0/0
  1305 | D:2      | Reached skill level 1 in Armour
  1383 | D:2      | Found Zaeq's Assorted Antiques.
  1390 | D:2      | 1390 ||| BUYING 2 fuming orange potions (34 gold).
  1390 | D:2      | Bought 2 fuming orange potions for 34 gold pieces
  1390 | D:2      | 1390 ||| BUYING fuming white potion (17 gold).
  1390 | D:2      | Bought a fuming white potion for 17 gold pieces
  1390 | D:2      | 1390 ||| SHOPLISTING scroll labelled HIOD ZESSYXA (19 gold,
                  | have 17).
  1390 | D:2      | 1390 ||| SHOPLISTING scroll labelled ONEFAPHU SUC (19 gold,
                  | have 17).
  1495 | D:2      | Reached skill level 3 in Fighting
  1499 | D:2      | Found a snail-covered altar of Cheibriados.
  1580 | D:2      | Found Xyqudeib's Weapon Shoppe.
  1692 | D:2      | 1692 ||| READING 2 scrolls of identify.
  1692 | D:2      | 1692 ||| IDENTIFYING glowing pink potion
  1693 | D:2      | 1693 ||| READING scroll of identify.
  1693 | D:2      | 1693 ||| IDENTIFYING fuming white potion
  1694 | D:2      | 1694 ||| READING scroll labelled TIPNOIFO GAHIS.
  1694 | D:2      | 1694 ||| ENCHANTING +0 shortbow.
  1695 | D:2      | 1695 ||| DRINKING 2 fuming orange potions.
  1695 | D:2      | Gained mutation: You expend health (3 HP) to strengthen
                  | your wands. [potion of mutation]
  1696 | D:2      | 1696 ||| DRINKING potion of mutation.
  1696 | D:2      | Lost mutation: You expend health (3 HP) to strengthen your
                  | wands. [potion of mutation]
  1696 | D:2      | Gained mutation: Your natural rate of healing is unusually
                  | fast. [potion of mutation]
  2297 | D:3      | Reached XP level 5. HP: 40/40 MP: 0/0
  2297 | D:3      | Learned a level 2 spell: Jinxbite
  2443 | D:3      | 2443 ||| READING scroll of identify.
  2443 | D:3      | 2443 ||| IDENTIFYING fuming sapphire potion
  2444 | D:3      | 2444 ||| READING scroll labelled RIERIL RUSTO.
  2445 | D:3      | 2445 ||| READING scroll labelled BESHRE MALLUSUDUL.
  2448 | D:3      | 2448 ||| READING scroll labelled POAGAACU YRHUIS.
  2449 | D:3      | 2449 ||| READING 3 scrolls labelled HIOD ZESSYXA.
  2449 | D:3      | 2449 ||| ENCHANTING +1 shortbow.
  2450 | D:3      | 2450 ||| DRINKING 2 lumpy red potions.
  2451 | D:3      | 2451 ||| DROPPING potion of lignification.
  2495 | D:4      | Found Ulopseis's Assorted Antiques.
  2499 | D:4      | 2499 ||| BUYING grey potion (19 gold).
  2499 | D:4      | Bought a grey potion for 19 gold pieces
  2499 | D:4      | 2499 ||| SHOPLISTING scroll of enchant weapon (165 gold,
                  | have 73).
  2499 | D:4      | 2499 ||| BUYING scroll of teleportation (66 gold).
  2499 | D:4      | Bought a scroll of teleportation for 66 gold pieces
  2499 | D:4      | 2499 ||| SHOPLISTING wooden ring (110 gold, have 7).
  2577 | D:4      | Noticed Edmund
  2597 | D:4      | HP: 10/40 [Edmund/+0 flail of draining (4)]
  2598 | D:4      | 2598 ||| READING scroll of teleportation.
  2598 | D:4      | HP: 1/40 [Edmund/+0 flail of draining (10)]
  2600 | D:4      | Slain by Edmund

Levels and vault maps discovered:
D:1:      erik_arrival_cave_to_civilisation [erik_arrival_cave_to_temple],
          layout_basic
D:2:      layout_loops_cross, basic_altar, serial_shops,
          nicolae_shop_back_alley_shop, nicolae_shop_waterfront,
          nicolae_elevator_lobby_plus
D:3:      layout_basic, minmay_misc_feat_x, chequers_serial_rivers_room_a,
          serial_bayou_lake_a
D:4:      cheibrodos_quashed, layout_basic, minmay_temple_entry_enclosed_plants,
          serial_shops, nicolae_shop_real_fake_doors, shop,
          nicolae_shop_statue_plus, uniq_edmund

Skill      XL: |  1  2  3  4 |
---------------+-------------+-----
Ranged Weapons | 4 |  4.8
Armour         | 1 |  1.0
Fighting       | 3 |  3.1
Dodging        | |  2.1
Stealth        | |  0.7

Action                     |  1- 3 |  4- 6 || total
---------------------------+-------+-------++-------
   Fire: Shortbow          |    93 |   121 ||   214
    Use: Scroll            |     3 |     9 ||    12
         Potion            |       |     3 ||     3
 Armour: Leather armour    |    26 |       ||    26
         Ring mail         |     2 |    42 ||    44
  Dodge: Dodged            |    23 |    42 ||    65

Table legend:
 A = Non-vault XP
 B = Vault XP
 C = Vault XP percentage of total XP
 D = Non-vault monster count
 E = Vault monster count
 F = Vault count percentage of total count
                 A         B        C        D         E       F
            +---------+---------+-------+---------+---------+-------
      Total |     218 |       4 |   1.8 |      63 |       2 |   3.1
            +---------+---------+-------+---------+---------+-------
        D:1 |      57 |       4 |   6.6 |      30 |       2 |   6.2
        D:2 |      43 |       0 |   0.0 |      17 |       0 |   0.0
        D:3 |      35 |       0 |   0.0 |      12 |       0 |   0.0
        D:4 |      83 |       0 |   0.0 |       4 |       0 |   0.0
            +---------+---------+-------+---------+---------+-------
